 Dungeon Crawl Stone Soup version 0.26.1-11-gd32895ea62 (webtiles) character file.

Game seed: 3867798883062274415

373 Almogavar the Covered (level 6, -1/51 HPs)
             Began as a Gnoll Wanderer on Apr 30, 2021.
             Killed by divine providence
             ... invoked by an orc priest
              (10 damage)
             ... on level 4 of the Dungeon.
             The game lasted 00:09:52 (3208 turns).

Almogavar the Covered (Gnoll Wanderer)              Turns: 3208, Time: 00:09:53

Health: -1/51      AC: 11    Str: 16    XL:     6   Next: 71%
Magic:  11/11      EV: 10    Int: 15    God:
Gold:   218        SH:  0    Dex: 14    Spells: 12/12 levels left

rFire    . . .     SeeInvis .   a - +3 spear
rCold    + . .     Faith    .   (no shield)
rNeg     . . .     Spirit   .   b - +2 scale mail
rPois    .         Reflect  .   (no helmet)
rElec    .         Harm     .   k - +0 cloak
rCorr    .         Rampage  .   (no gloves)
Will     .....                  (no boots)
Stlth    ++........             (no amulet)
HPRegen  0.17/turn              r - ring of protection from cold
MPRegen  0.12/turn              g - ring of stealth

@: no status effects
A: distributed training, fangs 1, strong nose
a: no special abilities


You were on level 4 of the Dungeon.
You visited 1 branch of the dungeon, and saw 4 of its levels.

You collected 218 gold pieces.

Inventory:

Hand Weapons
 a - a +3 spear (weapon)
Missiles
 d - 70 stones (quivered)
 l - 28 bolts
 m - 20 arrows
Armour
 b - a +2 scale mail (worn)
 k - a +0 cloak (worn)
Jewellery
 g - a ring of stealth (right hand)
 i - an uncursed ring of resist corrosion
 r - a ring of protection from cold (left hand)
Scrolls
 f - a scroll of remove curse
 h - 2 scrolls of teleportation
 s - a scroll of immolation {unknown}
 u - a scroll of magic mapping {unknown}
Potions
 c - 3 potions of lignification
 e - a potion of invisibility
 j - a potion of might
 n - 2 potions of brilliance
 o - a potion of ambrosia {unknown}
 p - 2 potions of cancellation {unknown}
 q - 3 potions of curing {unknown}
 v - a potion of haste {unknown}
 w - 3 potions of attraction {unknown}


   Skills:
 + Level 5.0 Fighting
 + Level 2.1 Short Blades
 + Level 2.1 Long Blades
 + Level 2.1 Axes
 + Level 2.1 Maces & Flails
 + Level 2.1 Polearms
 + Level 2.1 Staves
 + Level 2.1 Slings
 + Level 2.1 Bows
 + Level 2.1 Crossbows
 + Level 3.3 Throwing
 + Level 6.9 Armour
 + Level 2.1 Dodging
 + Level 3.1 Stealth
 + Level 2.1 Shields
 + Level 2.1 Unarmed Combat
 + Level 3.5 Spellcasting
 + Level 1.6 Conjurations
 + Level 1.6 Hexes
 + Level 1.6 Summonings
 + Level 1.6 Necromancy
 + Level 1.6 Translocations
 + Level 1.6 Transmutations
 + Level 1.6 Fire Magic
 + Level 1.6 Ice Magic
 + Level 1.6 Air Magic
 + Level 1.6 Earth Magic
 + Level 4.1 Poison Magic
 + Level 2.3 Invocations
 + Level 2.1 Evocations


You had 12 spell levels left.
You didn't know any spells.
Your spell library was empty.

Dungeon Overview and Level Annotations

Branches:
Dungeon (4/15)
 Temple: D:4-7

Altars:
Fedhas


Innate Abilities, Weirdness & Mutations

Your experience applies equally to all skills.
You have very sharp teeth.
Your uncanny sense of smell can sniff out nearby items.


Message History

You barely miss the orc priest. Your bite misses the orc priest.
The orc priest is moderately wounded.
The orc priest hits you but does no damage.
The orc priest miscasts a cantrip.
The orc hits you with a +0 war axe.
You are too injured to fight recklessly!
You are too injured to fight recklessly!
You completely miss the orc priest.
You bite the orc priest, but do no damage.
The orc priest is moderately wounded.
The orc hits you with a +0 war axe.
An orc comes into view. It is wielding a +0 dagger.
The orc priest calls upon Beogh to heal the orc priest.
The orc priest's wounds heal themselves!
The orc priest hits you with a +0 war axe!
* * * LOW HITPOINT WARNING * * *
The orc priest looks braver for a moment.
The orc priest invokes the aid of Beogh against you.
Beogh smites you!
You die...

### #<# #.#
###.# #...#
########@###
.........##
......#o..#
..... #...#
......#o..#
.###......#
∆
####........
#..####..
#...


You could see an orc priest and an orc.

Vanquished Creatures
  Grinder (D:3)
  Jessica (D:2)
  6 adders
  2 gnolls (D:2)
  An ooze (D:3)
  2 dart slugs (D:2)
  2 leopard geckos
  3 orcs (D:3)
  A giant cockroach (D:2)
  6 goblins
  7 hobgoblins
  3 jackals (D:3)
  4 quokkas (D:2)
  A ball python (D:1)
  6 bats
  A frilled lizard (D:1)
  7 kobolds
  4 rats
58 creatures vanquished.

Vanquished Creatures (others)
  34 plants (D:2)
34 creatures vanquished.

Grand Total: 92 creatures vanquished

Notes
Turn   | Place    | Note
-------+----------+-------------------------------------------
     0 | D:1      | Almogavar the Gnoll Wanderer began the quest for the Orb.
     0 | D:1      | Almogavar set off with the following items: a +0 spear, a
                  | +2 scale mail, a potion of lignification
     0 | D:1      | Reached XP level 1. HP: 20/20 MP: 4/4
   226 | D:1      | Reached XP level 2. HP: 26/26 MP: 5/5
  1031 | D:2      | Reached XP level 3. HP: 22/31 MP: 7/7
  1385 | D:2      | Reached skill level 1 in Invocations
  1644 | D:2      | Reached skill level 1 in Short Blades
  1644 | D:2      | Reached skill level 1 in Long Blades
  1644 | D:2      | Reached skill level 1 in Axes
  1644 | D:2      | Reached skill level 1 in Maces & Flails
  1644 | D:2      | Reached skill level 1 in Polearms
  1644 | D:2      | Reached skill level 1 in Staves
  1644 | D:2      | Reached skill level 1 in Slings
  1644 | D:2      | Reached skill level 1 in Bows
  1644 | D:2      | Reached skill level 1 in Crossbows
  1644 | D:2      | Reached skill level 1 in Dodging
  1644 | D:2      | Reached skill level 1 in Shields
  1644 | D:2      | Reached skill level 1 in Unarmed Combat
  1644 | D:2      | Reached skill level 1 in Evocations
  1657 | D:2      | Reached XP level 4. HP: 13/38 MP: 8/8
  1907 | D:2      | Noticed Jessica
  1918 | D:2      | Killed Jessica
  1919 | D:2      | Reached skill level 1 in Conjurations
  1919 | D:2      | Reached skill level 1 in Hexes
  1919 | D:2      | Reached skill level 1 in Summonings
  1919 | D:2      | Reached skill level 1 in Necromancy
  1919 | D:2      | Reached skill level 1 in Translocations
  1919 | D:2      | Reached skill level 1 in Transmutations
  1919 | D:2      | Reached skill level 1 in Fire Magic
  1919 | D:2      | Reached skill level 1 in Ice Magic
  1919 | D:2      | Reached skill level 1 in Air Magic
  1919 | D:2      | Reached skill level 1 in Earth Magic
  1988 | D:2      | Found a blossoming altar of Fedhas.
  2221 | D:2      | Reached XP level 5. HP: 39/43 MP: 9/9
  2656 | D:3      | Noticed Grinder
  2691 | D:3      | Killed Grinder
  2692 | D:3      | Reached skill level 5 in Fighting
  2692 | D:3      | Reached XP level 6. HP: 6/51 MP: 9/11
  3208 | D:4      | Killed from afar by an orc priest

Illustrated notes

Levels and vault maps discovered:
D:1:      evilmike_arrival_crescent, layout_basic, corner_web_ring,
          minmay_tree_intersection
D:2:      wad_woods_tower, layout_loops_ring, marbit_many_paths, uniq_jessica
D:3:      layout_rooms, uniq_grinder
D:4:      layout_basic, minmay_temple_entry_large_hall, serial_co_window_serial,
          co_window_corner_a, co_window_paths_a, co_window_corner_a,
          co_window_paths_a, co_window_paths_a, co_window_cross_2,
          co_window_of_opportunity_c, co_window_2corner, co_window_sun,
          glass_columns_a, glass_columns_a, gammafunk_ghost_nasty_kobolds

Skill      XL: |  1  2  3  4  5 |
---------------+----------------+-----
Invocations    | 1 2 |  2.3
Short Blades   | 1 2 |  2.1
Long Blades    | 1 2 |  2.1
Axes           | 1 2 |  2.1
Maces & Flails | 1 2 |  2.1
Polearms       | 1 2 |  2.1
Staves         | 1 2 |  2.1
Slings         | 1 2 |  2.1
Bows           | 1 2 |  2.1
Crossbows      | 1 2 |  2.1
Dodging        | 1 2 |  2.1
Shields        | 1 2 |  2.1
Unarmed Combat | 1 2 |  2.1
Evocations     | 1 2 |  2.1
Spellcasting   | 3 |  3.5
Conjurations   | 1 |  1.6
Hexes          | 1 |  1.6
Summonings     | 1 |  1.6
Necromancy     | 1 |  1.6
Translocations | 1 |  1.6
Transmutations | 1 |  1.6
Fire Magic     | 1 |  1.6
Ice Magic      | 1 |  1.6
Air Magic      | 1 |  1.6
Earth Magic    | 1 |  1.6
Throwing       | 3 |  3.3
Poison Magic   | 4 |  4.1
Fighting       | 5 |  5.0
Stealth        | 3 |  3.1
Armour         | |  6.9

Action                   |  1- 3 |  4- 6 || total
-------------------------+-------+-------++-------
Melee: Spear             |   148 |    87 ||   235
       Bite              |    16 |     5 ||    21
       Punch             |     1 |       ||     1
Throw: Stone             |    32 |    56 ||    88
  Use: Scroll            |     3 |     2 ||     5
 Stab: Sleeping          |     2 |     1 ||     3
Armor: Scale mail        |    57 |    24 ||    81
Dodge: Dodged            |    51 |    28 ||    79
